 Dungeon Crawl Stone Soup version 0.20-a0-465-g6513c8f (webtiles) character file.

2564 PurpleRed the Gouger (level 9, -5/34 HPs)
             Began as a Felid Venom Mage on Jan 12, 2017.
             Was an Elder of Okawaru.
             Slain by an ogre
             ... wielding a +0 giant spiked club
              (20 damage)
             ... on level 8 of the Dungeon.
             The game lasted 00:40:25 (10655 turns).

PurpleRed the Gouger (Felid Venom Mage)            Turns: 10655, Time: 00:40:25

Health: -5/34      AC:  2    Str:  4    XL:     9   Next: 31%
Magic:  10/17      EV: 21    Int: 16    God:    Okawaru [****..]
Gold:   283        SH:  0    Dex: 20    Spells: 5/18 levels left
                                        Lives:  0   Deaths: 2

rFire  . . .     SeeInvis +       - Unarmed
rCold  . . .     Gourm    .     (armour unavailable)
rNeg   . . .     Faith    .     (shield unavailable)
rPois  .         Spirit   .     (helmet unavailable)
rElec  .         Reflect  .     (cloak unavailable)
rCorr  .         Harm     .     (gloves unavailable)
MR     +....                    (boots unavailable)
Stlth  +++++.....               (no amulet)
                                i - ring of stealth
                                k - +3 ring of evasion

@: very slightly contaminated, repel missiles, quick
A: no armour, no weapons or thrown items, stealth, claws 1, fangs 3, see
invisible, carnivore 3, speed 1, shaggy fur 2, slow metabolism 1, sharp paws
a: Heroism, Renounce Religion


You were on level 8 of the Dungeon.
You worshipped Okawaru.
Okawaru was greatly pleased with you.
You were very full.

You visited 2 branches of the dungeon, and saw 9 of its levels.

You collected 513 gold pieces.
You spent 230 gold pieces at shops.

Inventory:

Jewellery
 i - a ring of stealth (right paw)
 k - a +3 ring of evasion (left paw)
 x - a +3 ring of dexterity
Wands
 r - a wand of flame (21/48)
 t - a wand of polymorph (15/24)
Scrolls
 d - 4 scrolls of remove curse
 e - 5 scrolls of teleportation
 m - 2 scrolls of magic mapping
 o - 2 scrolls of amnesia
 v - a scroll of fear
Potions
 c - 2 potions of flight
 f - a potion of haste
 g - a potion of brilliance
 j - a potion of ambrosia
 l - a potion of might
 p - a potion of magic
 q - a potion of cancellation
 s - a potion of resistance {unknown}
 w - a potion of lignification
 z - a potion of cure mutation {unknown}
Books
 a - a Young Poisoner's Handbook

   Spells                             Type                      Level
   a - Sting                          Conjuration/Poison           1
   b - Poisonous Vapours              Poison/Air                   2
   c - Mephitic Cloud                 Conjuration/Poison/Air       3
   d - Olgreb's Toxic Radiance        Poison                       4
   e - Venom Bolt                     Conjuration/Poison           5
 u - a book of Changes

   Spells                             Type                      Level
   a - Beastly Appendage              Transmutation                1
   b - Sticks to Snakes               Transmutation                2
   c - Spider Form                    Transmutation/Poison         3
   d - Ice Form                       Ice/Transmutation            4
   e - Blade Hands                    Transmutation                5
 A - a book of Minor Magic

   Spells                             Type                      Level
   a - Magic Dart                     Conjuration                  1
   b - Blink                          Translocation                2
   c - Call Imp                       Summoning                    2
   d - Repel Missiles                 Charms/Air                   2
   e - Slow                           Hexes                        2
   f - Conjure Flame                  Conjuration/Fire             3
   g - Mephitic Cloud                 Conjuration/Poison/Air       3
Comestibles
 b - 4 meat rations
 n - 3 beef jerkies
 B - a royal jelly


   Skills:
 + Level 2.8 Dodging
 - Level 6.5 Stealth
 * Level 10.2 Unarmed Combat
 - Level 5.0 Spellcasting
 - Level 3.4 Conjurations
 - Level 1.2 Air Magic
 - Level 6.8 Poison Magic


You had 5 spell levels left.
You knew the following spells:

 Your Spells              Type           Power        Failure   Level  Hunger
a - Sting                 Conj/Pois      ###.         1%          1    None
b - Poisonous Vapours     Pois/Air       ###...       6%          2    #......
c - Mephitic Cloud        Conj/Pois/Air  ###.....     12%         3    ###....
d - Olgreb's Toxic Radia  Pois           ####....     12%         4    ####...
e - Beastly Appendage     Tmut           #.....       17%         1    None
f - Repel Missiles        Chrm/Air       #.....       21%         2    #......


Dungeon Overview and Level Annotations

Branches:
Dungeon (8/15)             Temple (1/1) D:4            Lair (0/6) D:8

Altars:
Ashenzari
Cheibriados
Dithmenos
Elyvilon
Fedhas
Gozag
Hepliaklqana
Makhleb
Nemelex Xobeh
Okawaru
Qazlal
Ru
Sif Muna
Trog
Uskayaw
Vehumet
Xom
Yredelemnul
Zin

Shops:
D:6 *


Innate Abilities, Weirdness & Mutations

You cannot wear armour.
You are incapable of wielding weapons or throwing items.
Your paws allow you to move quietly. (Stealth)
You have sharp claws.
You have razor-sharp teeth.
You have supernaturally acute eyesight. (SInv)
You are carnivorous and can eat meat at any time.
You cover ground quickly.
You are covered in thick fur. (AC +2)
You have a slow metabolism.
Your sharp claws are effective at attacking unaware monsters.


Message History

You miscast Mephitic Cloud.
You are very lightly contaminated with residual magic.
Nothing appears to happen.
The ogre shouts!
Casting: Mephitic Cloud
Confirm with . or Enter, or press ? or * to list all spells.
Aiming: Mephitic Cloud
Press: ? - help, Shift-Dir - straight line, f/p - ogre
Aim: an ogre, wielding a giant spiked club The ball explodes into a vile cloud!
The stinking cloud engulfs the ogre.
The ogre is engulfed in noxious fumes.
The ogre appears confused.
There is an open door here.
The ogre misses you.
You barely miss the ogre. You bite the ogre, but do no damage.
The ogre is lightly wounded.
You scratch the ogre but do no damage.
The ogre is lightly wounded.
The ogre hits you with a giant spiked club!!
Ouch! That really hurt!
You die...

#.##8...8##.#...# #..##
..##.....##.'...# #...#
..#_....._###...##########...###+
#.##.....####....##.....##)......
#.# 8...8 #.............##..#####
..# ##8## #..............)...#
..####### #.............)....#
##..##.# #+##.##O##'###.#########
##.<#..###.##.##@##..##'###......
.#.......#.....................#.
.#.......#.....................≈.
.#.......#...................P≈≈.
##########..######'####..##...≈♣≈
#.. #..#########≈≈≈≈ ..
#........# ..P## .. #........#
..## ## #..##'####..#


You could see an ogre (confused).

Vanquished Creatures
  The ghost of CrazyKiwi the Conjurer, a novice TeAE of Vehumet (D:6)
  A dream sheep (D:8)
  A hippogriff (D:8)
  Sigmund (D:3)
  2 water moccasins (D:7)
  Duvessa (D:5)
  3 sky beasts
  An ice beast (D:8)
  2 orc warriors
  A phantom (D:7)
  2 ogres (D:5)
  A big kobold (D:8)
  5 bullfrogs
  2 gnoll sergeants
  Dowan (D:5)
  A scorpion (D:7)
  6 howler monkeys
  6 wights
  3 crimson imps
  A bullfrog zombie (D:7)
  A centaur zombie (D:8)
  4 orc priests
  2 centaur skeletons
  3 hounds
  2 jellies
  Crazy Yiuf (D:7)
  Jessica (D:3)
  An iguana (D:5)
  Ijyb (D:4)
  Natasha (thrice) (D:3)
  3 orc wizards
  A worker ant (D:5)
  A hound skeleton (D:7)
  8 adders
  13 gnolls
  A howler monkey skeleton (D:4)
  A shadow imp (D:6)
  5 worms
  3 dart slugs (D:2)
  5 leopard geckos
  36 orcs
  4 giant cockroaches
  17 goblins
  14 hobgoblins
  3 jackals (D:4)
  7 kobolds
  4 quokkas
  A ball python (D:3)
  5 bats
  3 frilled lizards
  A jackal skeleton (D:4)
  A jackal zombie (D:6)
  6 rats
204 creatures vanquished.

Vanquished Creatures (others)
  A quokka (D:7)
  3 plants (D:8)
4 creatures vanquished.

Grand Total: 208 creatures vanquished

Notes
Turn   | Place    | Note
-------+----------+-------------------------------------------
     0 | D:1      | PurpleRed the Felid Venom Mage began the quest for the Orb.
     0 | D:1      | Reached XP level 1. HP: 7/7 MP: 4/4
    68 | D:1      | Reached skill level 1 in Conjurations
   232 | D:1      | Reached skill level 1 in Unarmed Combat
   477 | D:1      | Reached XP level 2. HP: 9/11 MP: 4/6
   481 | D:1      | Learned a level 2 spell: Poisonous Vapours
   942 | D:2      | Reached skill level 2 in Unarmed Combat
  1079 | D:2      | Reached XP level 3. HP: 14/14 MP: 2/7
  1431 | D:2      | Learned a level 3 spell: Mephitic Cloud
  1815 | D:2      | Reached skill level 3 in Unarmed Combat
  2139 | D:2      | Reached XP level 4. HP: 18/18 MP: 5/8
  2279 | D:3      | Noticed Natasha
  2585 | D:3      | Noticed Sigmund
  2918 | D:3      | Killed Sigmund
  2918 | D:3      | Reached skill level 5 in Stealth
  2918 | D:3      | Reached XP level 5. HP: 21/21 MP: 1/9
  2924 | D:3      | Gained mutation: You are covered in thick fur. (AC +2) [Felid growth]
  2924 | D:3      | Reached XP level 6. HP: 22/24 MP: 2/10
  3205 | D:3      | Killed Natasha
  3257 | D:3      | Noticed Natasha
  3264 | D:3      | Killed Natasha
  3386 | D:3      | Noticed Jessica
  3390 | D:3      | Killed Jessica
  3456 | D:3      | Found a stormy altar of Qazlal.
  3887 | D:3      | Noticed Natasha
  3894 | D:3      | Killed Natasha
  4718 | D:4      | Noticed Ijyb
  4721 | D:4      | Killed Ijyb
  4721 | D:4      | Reached skill level 1 in Air Magic
  4721 | D:4      | Reached XP level 7. HP: 27/27 MP: 5/12
  4890 | D:4      | Found a staircase to the Ecumenical Temple.
  4899 | Temple   | Entered the Ecumenical Temple
  4962 | Temple   | Became a worshipper of Warmaster Okawaru
  5330 | D:4      | Found a sparkling altar of Nemelex Xobeh.
  5500 | D:5      | Entered Level 5 of the Dungeon
  5679 | D:5      | Found a shimmering altar of Xom.
  5679 | D:5      | Noticed Duvessa
  5683 | D:5      | Noticed Dowan
  5694 | D:5      | Killed Duvessa
  5694 | D:5      | Reached skill level 4 in Unarmed Combat
  5909 | D:5      | Noticed a water elemental
  5986 | D:5      | Found a stormy altar of Qazlal.
  5992 | D:5      | Noticed an air elemental
  5992 | D:5      | Noticed a fire elemental
  6000 | D:5      | Killed Dowan
  6000 | D:5      | Reached * piety under Okawaru
  6172 | D:5      | Reached skill level 5 in Unarmed Combat
  6440 | D:5      | Learned a level 4 spell: Olgreb's Toxic Radiance
  6555 | D:6      | Noticed CrazyKiwi's ghost (novice TeAE)
  6590 | D:6      | Reached XP level 8. HP: 31/31 MP: 13/13
  6618 | D:6      | Found a burning altar of Makhleb.
  6631 | D:6      | Learned a level 1 spell: Beastly Appendage
  6954 | D:6      | Reached skill level 6 in Unarmed Combat
  6988 | D:6      | Reached skill level 5 in Poison Magic
  7088 | D:6      | Killed CrazyKiwi's ghost
  7088 | D:6      | Reached ** piety under Okawaru
  7378 | D:6      | Reached skill level 7 in Unarmed Combat
  7424 | D:6      | Found Roetzug's General Store.
  7456 | D:6      | Bought a scroll of fear for 42 gold pieces
  7456 | D:6      | Bought a potion of lignification for 36 gold pieces
  7456 | D:6      | Bought a cursed +3 ring of dexterity for 152 gold pieces
  7712 | D:6      | Slain by a bullfrog
  7713 | D:6      | Reached XP level 7. HP: -1/27 MP: 9/12
  7875 | D:6      | Reached XP level 8. HP: 31/31 MP: 0/13
  8446 | D:7      | Learned a level 2 spell: Repel Missiles
  8726 | D:7      | Found a white marble altar of Elyvilon.
  8736 | D:7      | Reached skill level 8 in Unarmed Combat
  8832 | D:7      | Slain by a phantom
  8833 | D:7      | Reached XP level 7. HP: 0/27 MP: 13/13
  8993 | D:7      | Reached *** piety under Okawaru
  8993 | D:7      | Reached XP level 8. HP: 31/31 MP: 7/14
  9222 | D:7      | Found a runed door.
  9226 | D:7      | Noticed Crazy Yiuf
  9234 | D:7      | Killed Crazy Yiuf
  9719 | D:8      | Reached skill level 9 in Unarmed Combat
  9926 | D:8      | Found a sacrificial altar of Ru.
  9928 | D:8      | Found a sparkling altar of Nemelex Xobeh.
 10105 | D:8      | Found a staircase to the Lair.
 10154 | D:8      | Reached **** piety under Okawaru
 10298 | D:8      | Noticed a dream sheep
 10313 | D:8      | Reached XP level 9. HP: 34/34 MP: 6/17
 10315 | D:8      | Reached skill level 10 in Unarmed Combat
 10566 | D:8      | Reached skill level 5 in Spellcasting
 10655 | D:8      | Slain by an ogre

Vault maps used:
D:1:      dpeg_arrival_line_fractal
D:2:      nrook_mini_vaults, minmay_misc_feat_square
D:3:      kennysheep_flooded_box, uniq_natasha, uniq_jessica, uniq_sigmund
D:4:      kennysheep_goblin_castle, minmay_misc_feat_tower,
          nemelex_diamond_rough_becter
D:5:      lemuel_round_altar, first_bread, nicolae_qazlal_style_of_elements,
          uniq_duvessa
D:6:      bloody_makhleb, serial_shops, shop
D:7:      elyvilon_altar_4, uniq_crazy_yiuf_cottage
D:8:      overflow_temple_1_default, kennysheep_little_box,
          nicolae_overflow_hidden_temple, hangedman_ranch, serial_bayou_pond_d
Temple:   cyrus_circular_temple

Skill      XL: |  1  2  3  4  5  6  7  8  9 |
---------------+----------------------------+-----
Conjurations   | 1 3 |  3.4
Unarmed Combat | 1 2 3 5 9 10 | 10.2
Stealth        | 5 6 |  6.5
Spellcasting   | 3 4 5 |  5.0
Air Magic      | 1 |  1.2
Poison Magic   | 4 6 |  6.8
Dodging        | |  2.8

Action                   |  1- 3 |  4- 6 |  7- 9 || total
-------------------------+-------+-------+-------++-------
Melee: Unarmed           |    31 |   123 |   315 ||   469
       Punch             |     1 |     1 |    11 ||    13
       Bite              |       |    11 |    28 ||    39
       Headbutt          |       |       |    23 ||    23
 Cast: Sting             |    18 |     5 |       ||    23
       Poisonous Vapours |    33 |    62 |    49 ||   144
       Mephitic Cloud    |       |       |     6 ||     6
       Olgreb's Toxic Ra |       |       |    28 ||    28
       Beastly Appendage |       |       |    20 ||    20
       Repel Missiles    |       |       |     2 ||     2
Invok: Heroism           |       |       |     8 ||     8
  Use: Scroll            |       |    10 |     9 ||    19
       Potion            |       |     1 |     4 ||     5
 Stab: Sleeping          |     4 |     3 |    17 ||    24
       Confused          |       |       |     3 ||     3
  Eat: Chunk             |    12 |    10 |    22 ||    44
Armor: Skin              |     1 |     3 |    12 ||    16
Dodge: Dodged            |    18 |    91 |   257 ||   366
       Deflected         |       |       |     1 ||     1
